 Dungeon Crawl Stone Soup version 0.29.0-4-gdea44cf6ec (webtiles) character file.

Game seed: 8864768390748353084

826 qw the Cleaver (level 7, -1/41 HPs)
             Began as a Tengu Warper on Aug 28, 2022.
             Slain by an orc warrior
             ... wielding a +0 hand axe
              (5 damage)
             ... on level 6 of the Dungeon.
             The game lasted 00:00:38 (5011 turns).

qw the Cleaver (Tengu Warper)                       Turns: 5011, Time: 00:00:38

Health: -1/41      AC: 12    Str: 13    XL:     7   Next: 96%
Magic:  11/11      EV: 11    Int: 13    God:
Gold:   363        SH:  0    Dex: 14    Spells: 10/10 levels left

rFire   . . .      SeeInvis .   Y - +0 broad axe
rCold   . . .      Faith    .   (no shield)
rNeg    . . .      Spirit   .   n - +0 chain mail
rPois   +          Reflect  .   (helmet restricted)
rElec   .          Harm     .   (no cloak)
rCorr   .          Rampage  .   q - +2 pair of gloves "Noodyast" {Contam Regen+ Stlth+}
Will    .....                   (boots unavailable)
Stlth   ..........              (no amulet)
HPRegen 0.93/turn               l - ring of poison resistance
MPRegen 0.12/turn               c - +4 ring of evasion

@: flying quickly and evasively, quick
A: beak, talons 3, nimble flight
a: no special abilities


You were on level 6 of the Dungeon.
You visited 1 branch of the dungeon, and saw 6 of its levels.
You also visited: Sewer.

You collected 363 gold pieces.


Innate Abilities, Weirdness & Mutations

You have a beak for a mouth.
You have claws for feet.
Your magical nature lets you fly swiftly and evasively.


   Skills:
 - Level 3.1 Fighting
 + Level 8.6 Axes
 - Level 1.0 Throwing
 - Level 3.6 Armour
 - Level 2.1 Dodging
 - Level 2.0 Spellcasting
 - Level 2.4 Translocations


You had 10 spell levels left.
You didn't know any spells.
Your spell library contained the following spells:

 Spells                   Type           Power      Damage    Failure   Level
 Blink                    Tloc           14%        N/A       99%         2
 Gell's Gravitas          Tloc           7%         N/A       100%        3
 Lesser Beckoning         Tloc           7%         N/A       100%        3
 Teleport Other           Tloc           7%         N/A       100%        3
 Manifold Assault         Tloc           7%         N/A       100%        5

Inventory:

Hand Weapons
 d - a +0 morningstar of protection
 Y - a +0 broad axe (weapon)
Armour
 n - a +0 chain mail (worn)
 q - the +2 pair of gloves "Noodyast" (worn) {Contam Regen+ Stlth+}
   (You found it on level 2 of the Dungeon)

   Contam:    It causes magical contamination when unequipped.
   Regen:     It increases your rate of health regeneration.
   Stlth:     It makes you more stealthy.
Jewellery
 c - a +4 ring of evasion (right hand)
 e - a +4 ring of protection
 l - a ring of poison resistance (left hand)
Scrolls
 b - a scroll of identify
Potions
 f - 2 potions of curing
 g - a potion of resistance {unknown}
 h - a potion of haste
 j - a potion of ambrosia {unknown}
 k - a potion of brilliance {unknown}

Dungeon Overview and Level Annotations

Branches:
Dungeon (6/15)             Temple (0/1) D:6           Sewer (visited)

Altars:
Hepliaklqana

Shops:
D:4 =


Message History

The orc hits you with a +0 mace.
The orc wizard casts a spell.
The orc wizard flickers and vanishes!
Deactivating autopickup; reactivate with Ctrl-A.
You closely miss the orc warrior. You claw the orc warrior.
Your peck misses the orc warrior.
The orc warrior is lightly wounded.
You barely miss the orc. The orc warrior barely misses you.
The orc hits you but does no damage.
You closely miss the orc warrior. You claw the orc warrior.
The orc warrior is moderately wounded.
You hit the orc.
The orc warrior hits you with a +0 hand axe.
The orc hits you but does no damage.
You barely miss the orc. You peck the orc.
You kill the orc!
You hit the orc warrior but do no damage.
The orc warrior hits you but does no damage.
You barely miss the orc warrior.
The orc warrior is moderately wounded.
You miss something.
The orc warrior hits you with a +0 hand axe!
Something hits you but does no damage.
The orc warrior hits you with a +0 hand axe.
You closely miss the orc warrior. Your kick misses the orc warrior.
The orc warrior is moderately wounded.
You closely miss something. Something hits you but does no damage.
The orc warrior hits you with a +0 hand axe.
You slash the orc warrior! You peck the orc warrior.
The orc warrior is severely wounded.
You closely miss something. You closely miss the orc.
The orc warrior barely misses you. Something hits you but does no damage.
The orc hits you with a +0 club.
You hit the orc warrior but do no damage.
You claw the orc warrior.
The orc warrior is severely wounded.
You hit the orc. You hit something.
The orc warrior hits you with a +0 hand axe.
You die...

.... ..#
.#......## #.#
.... #..# #.#
.#. #.####.#
##.. ##.)..#.#
##... #.....<.#
#....##.#...###
#.>o{#.......#
#..o@.#....#.#
#...##...#.##.#
..... ##..#.# #
.... ##.#.# .##
#...# #...#..#
###.....#
##......
..$>.#..


You could see an orc warrior and an orc.

Vanquished Creatures
  An ice beast (D:5)
  An ogre (D:5)
  A phantom (D:4)
  A scorpion (D:5)
  2 bullfrogs (Sewer)
  A necrophage (D:5)
  An orc priest (D:6)
  A jelly (D:5)
  2 iguanas
  Robin (D:3)
  7 adders
  2 worms
  A dart slug (D:4)
  7 orcs
  5 bats
  13 endoplasms
  5 giant cockroaches
  10 hobgoblins
  6 jackals
  12 quokkas
  14 ball pythons
  11 frilled lizards
  19 goblins
  9 kobolds
  9 rats
142 creatures vanquished.

Notes
Turn   | Place    | Note
-------+----------+-------------------------------------------
     0 | D:1      | qw the Tengu Warper began the quest for the Orb.
     0 | D:1      | Reached XP level 1. HP: 12/12 MP: 4/4
     0 | D:1      | 0 ||| qw: Version: 0.1-a-89-g26bdef1
     0 | D:1      | 0 ||| qw: Game counter: 1756
     0 | D:1      | 0 ||| qw: Always use a shield: true
     0 | D:1      | 0 ||| qw: God list: Okawaru
     0 | D:1      | 0 ||| qw: Allow faded altars: false
     0 | D:1      | 0 ||| qw: Do Orc after D:15 true
     0 | D:1      | 0 ||| qw: Do second Lair branch before Depths: true
     0 | D:1      | 0 ||| qw: Lair rune preference: random
     0 | D:1      | 0 ||| qw: Plans: Normal
     0 | D:1      | 0 ||| PLANNING D:1-11
   250 | D:1      | Reached skill level 3 in Axes
   250 | D:1      | Reached XP level 2. HP: 14/17 MP: 6/6
   338 | D:1      | Found a faded altar of an unknown god.
   729 | D:1      | 729 ||| Stepping ~*~*~tactically~*~*~ (stealth).
   730 | D:1      | 730 ||| Stepping ~*~*~tactically~*~*~ (stealth).
   746 | D:1      | 746 ||| Stepping ~*~*~tactically~*~*~ (stealth).
   748 | D:1      | 748 ||| Stepping ~*~*~tactically~*~*~ (stealth).
   771 | D:1      | 771 ||| Stepping ~*~*~tactically~*~*~ (stealth).
   772 | D:1      | 772 ||| Stepping ~*~*~tactically~*~*~ (stealth).
   777 | D:1      | 777 ||| Stepping ~*~*~tactically~*~*~ (stealth).
  1055 | D:1      | Reached XP level 3. HP: 21/21 MP: 7/7
  1076 | D:1      | 1076 ||| DROPPING +0 club.
  1447 | D:1      | 1447 ||| UPGRADING to +0 ring mail.
  1457 | D:1      | 1457 ||| DROPPING +0 leather armour.
  1458 | D:1      | 1458 ||| DROPPING scarf of harm.
  1459 | D:1      | 1459 ||| UPGRADING to +6 ring of dexterity.
  1460 | D:1      | 1460 ||| UPGRADING to ring of positive energy.
  1461 | D:1      | 1461 ||| DROPPING ring of wizardry.
  1462 | D:1      | 1462 ||| READING scroll labelled GUYCRU AXOASHO.
  1568 | D:1      | 1568 ||| READING scroll labelled XAVUN WECOLAG.
  1569 | D:1      | 1569 ||| READING scroll labelled TUMOSM UTEH.
  1570 | D:1      | 1570 ||| READING scroll labelled FUEMPI HOJAE.
  1571 | D:1      | 1571 ||| DROPPING scroll of blinking.
  1627 | D:2      | Found the +4 robe of Augmentation {Str+4 Int+4 Dex+4}
  1640 | D:2      | Reached skill level 4 in Axes
  2074 | D:2      | 2074 ||| Stepping ~*~*~tactically~*~*~ (stealth).
  2228 | D:2      | Identified the +2 pair of gloves "Noodyast" {Contam Regen+
                  | Stlth+}
  2342 | D:2      | 2342 ||| UPGRADING to +4 robe of Augmentation {Str+4 Int+4
                  | Dex+4}.
  2352 | D:2      | 2352 ||| DROPPING +0 ring mail.
  2353 | D:2      | 2353 ||| UPGRADING to +0 chain mail.
  2363 | D:2      | 2363 ||| DROPPING +4 robe of Augmentation {Str+4 Int+4
                  | Dex+4}.
  2364 | D:2      | 2364 ||| UPGRADING to +2 pair of gloves "Noodyast" {Contam
                  | Regen+ Stlth+}.
  2369 | D:2      | 2369 ||| UPGRADING to ring of poison resistance.
  2371 | D:2      | 2371 ||| UPGRADING to +6 ring of dexterity.
  2373 | D:2      | 2373 ||| READING scroll labelled QYJEL ZECI.
  2374 | D:2      | 2374 ||| READING scroll labelled DAAR TOLAMURODDOIF.
  2375 | D:2      | 2375 ||| READING scroll labelled FAIBENNIGHEI.
  2430 | D:3      | Reached XP level 4. HP: 22/26 MP: 8/8
  2524 | D:3      | HP: 5/26 [iguana (11)]
  2526 | D:3      | Reached skill level 5 in Axes
  2528 | D:3      | Noticed Robin
  2529 | D:3      | 2529 ||| Stepping ~*~*~tactically~*~*~ (stealth).
  2530 | D:3      | 2530 ||| FLEEEEING.
  2548 | D:3      | Killed Robin
  2553 | D:3      | 2553 ||| FLEEEEING.
  2554 | D:3      | 2554 ||| FLEEEEING.
  2647 | D:3      | Gained mutation: Your magical nature lets you fly swiftly
                  | and evasively. [Tengu growth]
  2647 | D:3      | Reached XP level 5. HP: 30/30 MP: 9/9
  2874 | D:3      | 2874 ||| Stepping ~*~*~tactically~*~*~ (stealth).
  2876 | D:3      | 2876 ||| Stepping ~*~*~tactically~*~*~ (stealth).
  3154 | D:3      | 3154 ||| DROPPING scarf of invisibility.
  3155 | D:3      | 3155 ||| DROPPING ring of positive energy.
  3156 | D:3      | 3156 ||| UPGRADING to +4 ring of evasion.
  3158 | D:3      | 3158 ||| DROPPING +6 ring of dexterity.
  3159 | D:3      | 3159 ||| DRINKING 2 sedimented brown potions.
  3242 | D:4      | Noticed a phantom
  3268 | D:4      | Killed a phantom
  3269 | D:4      | Reached skill level 6 in Axes
  3396 | D:4      | 3396 ||| Stepping ~*~*~tactically~*~*~ (hiding).
  3479 | D:4      | 3479 ||| Stepping ~*~*~tactically~*~*~ (stealth).
  3480 | D:4      | 3480 ||| SWAPPING to +0 broad axe.
  3481 | D:4      | 3481 ||| Stepping ~*~*~tactically~*~*~ (stealth).
  3487 | D:4      | 3487 ||| DROPPING +0 hand axe.
  3497 | D:4      | Reached XP level 6. HP: 35/35 MP: 10/10
  3518 | D:4      | Found Qoaj's Jewellery Boutique.
  3521 | D:4      | 3521 ||| SHOPLISTING amulet "Ricven" {Fragile rN+++ Will-
                  | Regen+ Str+5} (704 gold, have 281).
  3521 | D:4      | 3521 ||| SHOPLISTING amulet of regeneration (360 gold, have
                  | 281).
  3560 | D:4      | 3560 ||| Stepping ~*~*~tactically~*~*~ (hiding).
  3670 | D:4      | Found a hazy altar of Hepliaklqana.
  3798 | D:4      | 3798 ||| DRINKING 2 fizzy purple potions.
  3799 | D:4      | 3799 ||| DROPPING potion of invisibility.
  3831 | D:5      | Entered Level 5 of the Dungeon
  3832 | D:5      | 3832 ||| PLANNING SEWER
  3899 | D:5      | Reached skill level 7 in Axes
  3955 | D:5      | Noticed an ice beast
  3966 | D:5      | HP: 7/35 [ice beast (11)]
  3967 | D:5      | 3967 ||| READING scroll of teleportation.
  3972 | D:5      | HP: 8/35 [iguana (2)]
  3975 | D:5      | Reached skill level 3 in Fighting
  4148 | D:5      | Reached XP level 7. HP: 40/41 MP: 11/11
  4315 | D:5      | Found a glowing drain.
  4316 | D:5      | 4316 ||| DRINKING 2 fuming ruby potions.
  4317 | D:5      | 4317 ||| DROPPING potion of magic.
  4326 | Sewer    | Entered a sewer
  4353 | Sewer    | 4353 ||| Stepping ~*~*~tactically~*~*~ (stealth).
  4365 | Sewer    | 4365 ||| Stepping ~*~*~tactically~*~*~ (stealth).
  4368 | Sewer    | 4368 ||| Stepping ~*~*~tactically~*~*~ (stealth).
  4592 | Sewer    | 4592 ||| Stepping ~*~*~tactically~*~*~ (stealth).
  4655 | Sewer    | 4655 ||| Stepping ~*~*~tactically~*~*~ (stealth).
  4656 | Sewer    | 4656 ||| Stepping ~*~*~tactically~*~*~ (stealth).
  4661 | Sewer    | Reached skill level 8 in Axes
  4722 | Sewer    | Reached skill level 3 in Armour
  4730 | Sewer    | 4730 ||| DROPPING +0 whip.
  4735 | Sewer    | 4735 ||| READING scroll labelled CIDEINU OZEDE.
  4750 | D:5      | 4750 ||| PLANNING D:1-11
  4932 | D:5      | 4932 ||| Stepping randomly (stuck).
  4984 | D:6      | Found a staircase to the Ecumenical Temple.
  4985 | D:6      | 4985 ||| PLANNING TEMPLE
  4990 | D:6      | 4990 ||| Stepping ~*~*~tactically~*~*~ (stealth).
  4992 | D:6      | 4992 ||| Stepping ~*~*~tactically~*~*~ (hiding).
  4993 | D:6      | 4993 ||| Stepping ~*~*~tactically~*~*~ (hiding).
  4996 | D:6      | 4996 ||| Stepping ~*~*~tactically~*~*~ (hiding).
  5008 | D:6      | HP: 9/41 [orc warrior/+0 hand axe (9)]
  5009 | D:6      | HP: 3/41 [orc warrior/+0 hand axe (3)]
  5011 | D:6      | Slain by an orc warrior

Levels and vault maps discovered:
D:1:      dpeg_arrival_rooms_b, layout_loops_corners,
          shapermc_ecumenical_altar_mp_ritualfount
D:2:      layout_loops_ring
D:3:      layout_loops_ring, uniq_robin
D:4:      layout_rooms, mainiacjoe_overflow_alcove_4, serial_shops,
          kennysheep_mini_moat, kennysheep_generic_room_14
D:5:      layout_basic, portal_sewer_entry_d
D:6:      layout_loops_ring, minmay_temple_entry_wispy, gammafunk_ghost_grave,
          minmay_microvault

Skill      XL: |  1  2  3  4  5  6  7 |
---------------+----------------------+-----
Axes           | 3 4 5 6 7 8 |  8.6
Armour         | 2 3 |  3.6
Fighting       | 3 |  3.1
Throwing       | |  1.0
Dodging        | |  2.1
Spellcasting   | |  2.0
Translocations | |  2.4

Action                   |  1- 3 |  4- 6 |  7- 9 || total
-------------------------+-------+-------+-------++-------
Melee: Hand axe          |    85 |   114 |       ||   199
       Peck              |     9 |    20 |    14 ||    43
       Kick              |    24 |    33 |    25 ||    82
       Punch             |     1 |       |     2 ||     3
       Broad axe         |       |    37 |   110 ||   147
Throw: Boomerang         |     7 |       |       ||     7
       Javelin           |    10 |     1 |       ||    11
  Use: Scroll            |     7 |     1 |     1 ||     9
       Potion            |       |     2 |     1 ||     3
Armor: Leather armour    |    27 |       |       ||    27
       Ring mail         |     4 |       |       ||     4
       Chain mail        |     2 |    71 |    62 ||   135
Dodge: Dodged            |    48 |    60 |    43 ||   151

Table legend:
 A = Non-vault XP
 B = Vault XP
 C = Vault XP percentage of total XP
 D = Non-vault monster count
 E = Vault monster count
 F = Vault count percentage of total count
                 A         B        C        D         E       F
            +---------+---------+-------+---------+---------+-------
      Total |     837 |     343 |  29.1 |      82 |      60 |  42.3
            +---------+---------+-------+---------+---------+-------
        D:1 |      40 |       0 |   0.0 |      27 |       0 |   0.0
        D:2 |      29 |       0 |   0.0 |      15 |       0 |   0.0
        D:3 |      79 |      35 |  30.7 |      20 |      12 |  37.5
        D:4 |     137 |       6 |   4.2 |      12 |       2 |  14.3
        D:5 |     505 |      13 |   2.5 |       6 |       1 |  14.3
        D:6 |      47 |       0 |   0.0 |       2 |       0 |   0.0
      Sewer |       0 |     289 | 100.0 |       0 |      45 | 100.0
            +---------+---------+-------+---------+---------+-------
